Cogmind - Beta 16 @@@ ROGUE MODE // 2026.01.10 @ 16:18:52 Player: Ice_Kraken505 Result: Destroyed by G-47 Trooper with Particle Gun Performance ------------- Evolutions (2) 1000 Regions Visited (3) 600 Robots Destroyed (28) 140 Value Destroyed (632) 632 Prototype IDs (3) 60 Alien Tech Used (0) 0 Bonus (0) 0 TOTAL SCORE: 2432 Bonus ------- None Cogmind --------- Core Integrity 0/550 Matter 290/300 Energy 51/265 System Corruption 20% Temperature Warning (303) Movement Core (350) Ox6 Location -8/Materials Parts ------- > --- POWER (2) -------- Improved Ion Engine > --- PROPULSION (3) --- (None) > --- UTILITY (4) ------ Small Storage Unit > --- WEAPON (2) ------- Light EM Pulse Cannon Light EM Pulse Cannon > --- INVENTORY (8) ---- Microactuators Peak State ------------ > --- POWER ------------ Improved Ion Engine Improved Ion Engine > --- PROPULSION ------- Improved Hover Unit Improved Hover Unit > --- UTILITY ---------- Small Storage Unit Advanced Weight Redist. System Light Armor Plating Hardlight Generator > --- WEAPON ----------- Beam Rifle Light Assault Rifle > --- INVENTORY -------- Microactuators Beam Rifle Light EM Pulse Cannon Light EM Pulse Cannon [Rating: 20] Favorites ----------- Power Light Ion Engine Engine Light Ion Engine Propulsion Hover Unit Wheel Compact Wheel Hover Unit Hover Unit Utility Small Storage Unit Device Improved Terrain Scanner Storage Small Storage Unit Processor Signal Interpreter Protection Light Armor Plating Weapon Light Assault Rifle Energy Gun Small Laser Energy Cannon Light EM Pulse Cannon Ballistic Gun Light Assault Rifle Launcher Grenade Launcher Slashing Weapon Mining Claw Build | -11 -10 -9 -8 ------- Run | Yrd Mat Mat Mat Slots Evolved 4 | . . 2 2 Power 1 | . . . 1 Propulsion 1 | . . 1 . Utility 2 | . . 1 1 Weapon . | . . . . Parts Attached 37 | 8 6 10 13 Power 7 | 2 . 2 3 Engine 7 | 2 . 2 3 Core . | . . . . Reactor . | . . . . Propulsion 10 | 2 4 2 2 Treads . | . . . . Leg . | . . . . Wheel 2 | 2 . . . Hover 8 | . 4 2 2 Flight . | . . . . Utility 8 | 2 . 3 3 Device 3 | 1 . . 2 Storage 1 | 1 . . . Processor 2 | . . 2 . Hackware . | . . . . Protection 2 | . . 1 1 Artifact . | . . . . Weapon 12 | 2 2 3 5 Energy Gun 5 | 1 1 2 1 Energy Cannon 2 | . . . 2 Ballistic Gun 3 | 1 . 1 1 Ballistic Cannon . | . . . . Launcher 1 | . . . 1 Special Weapon . | . . . . Impact Weapon . | . . . . Slashing Weapon 1 | . 1 . . Piercing Weapon . | . . . . Special Melee Weapon . | . . . . Unidentified Prototypes 1 | . . . 1 Parts Lost 27 | . 2 8 17 Power 4 | . . 2 2 Propulsion 8 | . 2 3 3 Utility 6 | . . 1 5 Weapon 9 | . . 2 7 Highest Loss Streak 9 | . 1 4 9 To Critical Strikes . | . . . . Average Backups 5 | 3 7 6 3 Power 1 | . 1 1 . Propulsion 1 | 1 3 . . Utility . | . . . 1 Weapon 2 | . 2 3 2 Tool/Special . | . . . . Unused Backups 9 | 3 5 . 1 Power 1 | . 1 . . Propulsion 5 | 3 2 . . Utility 1 | . . . 1 Weapon 2 | . 2 . . Tool/Special . | . . . . Average Slot Usage (%) 85 | . 99 89 63 Engine 12 | . 14 9 12 Wheel 1 | . 4 . . Hover 20 | . 23 24 10 Device 8 | . 14 6 3 Storage 11 | . 14 11 9 Processor 5 | . . 12 3 Protection 2 | . . 2 7 Energy Gun 10 | . 14 7 9 Ballistic Gun 11 | . 14 14 7 Peak Build Rating 20 | 9 9 12 20 Average Rating 10 | 6 8 10 11 On Entrance 6 | . 9 9 9 Avg Prop Armor Cover (%) . | . . . . Naked Turns . | . . . . Heaviest Build 26 | 14 14 13 26 Greatest Support 32 | 32 32 18 23 Greatest Overweight (x) 7 | 1 2 3 7 Average Overweight (x) . | . . . 1 Largest Inventory Capacity 8 | 8 8 8 8 Average Capacity 7 | 7 8 8 8 Most Carried 8 | 6 8 8 5 Average Carried 5 | 3 7 6 3 Final Capacity 8 | 8 8 8 8 Final Carried 7 | 6 7 3 1 Class Distribution -------------------- 64% | Mutant 35% | Scavenger-Mutant Dominant Class ---------------- Mutant | -10/Materials Mutant | -9/Materials Scavenger-Mutant | -8/Materials Resources | -11 -10 -9 -8 ----------- Run | Yrd Mat Mat Mat Matter Collected 712 | 241 144 157 170 Remotely . | . . . . Salvage Created 856 | 40 269 364 183 Parts 65 | 8 19 28 10 Haulers Intercepted 1 | . 1 . . Recyclers Shooed . | . . . . Parts Field Recycled . | . . . . Retrieved Matter . | . . . . Parts Self-Destructed . | . . . . Prevented . | . . . . Parts Restored . | . . . . Kills | -11 -10 -9 -8 ------- Run | Yrd Mat Mat Mat Combat Hostiles Destroyed 23 | . 7 12 4 Guns 23 | . 7 12 4 Classes Destroyed 6 | 1 3 2 . Tunneler 3 | 3 . . . Hauler 1 | . 1 . . Mechanic 1 | . . 1 . Swarmer 12 | . 3 8 1 Grunt 5 | . 4 . 1 Sentry 6 | . . 4 2 Best Kill Streak 3 | 2 3 3 1 Combat Bots Only 3 | . 3 3 1 Max Kills in Single Turn 2 | 2 1 1 1 Gunslinging . | . . . . Exploded . | . . . . Melee . | . . . . Uniques/NPCs Destroyed . | . . . . Combat | -11 -10 -9 -8 -------- Run | Yrd Mat Mat Mat Hostile Shots Fired 195 | . 35 75 85 Missed 50 | . 10 24 16 Hits 145 | . 25 51 69 Projectile 145 | . 25 51 69 AOE 1 | . . 1 . Critical Strikes 3 | . . 2 1 Damage Taken 2671 | 24 300 652 1695 Core 932 | . 141 239 552 Absorbed by Shields 108 | . . . 108 Core Remaining (%) 61 | 100 43 40 . Volleys Fired 111 | 4 35 45 27 Largest 2 | 2 2 2 2 Hottest 112 | 60 60 96 112 Shots Fired 216 | 8 70 87 51 Gun 213 | 8 70 87 48 Cannon 2 | . . . 2 Launcher 1 | . . . 1 Special . | . . . . Kinetic 113 | 4 35 57 17 Thermal 91 | . 30 30 31 Explosive 1 | . . . 1 Electromagnetic 11 | 4 5 . 2 Robot Hit Streak 12 | 2 10 12 10 Robot Miss Streak 4 | 2 3 3 4 Penetration Max . | . . . . Secondary Targets 3 | . 1 2 . Max Gunslinging Chain 1 | . 1 1 . Shots Hit Robots 122 | 4 46 47 25 Core Hits 54 | 4 17 25 8 Critical Kills 1 | . . 1 . Critical Parts Destroyed . | . . . . Critical Strikes 3 | . . 2 1 Burn 2 | . . 1 1 Destroy 1 | . . 1 . Melee Attacks 10 | . 1 . 9 Impact . | . . . . Slashing 10 | . 1 . 9 Piercing . | . . . . Sneak Attacks . | . . . . Combat Hostiles . | . . . . Follow-up Attacks . | . . . . Damage Inflicted 1442 | 114 477 526 325 Guns 1304 | 39 443 526 296 Cannons 19 | . . . 19 Explosions 75 | 75 . . . Melee . | . . . . Ramming 44 | . 34 . 10 Kinetic 522 | 12 174 256 80 Thermal 775 | 75 214 270 216 Explosive . | . . . . Electromagnetic 101 | 27 55 . 19 Impact . | . . . . Slashing . | . . . . Piercing . | . . . . Highest Corruption 20 | . 5 . 20 Average Corruption 14 | . 5 . 15 Corruption Purged . | . . . . Corruption Blocked . | . . . . Effects 16 | . . . 16 Message Errors 6 | . . . 6 Matter Fused 2 | . . . 2 Heat Flow Errors 1 | . . . 1 Energy Discharges 3 | . . . 3 Misfires 2 | . . . 2 Weapon Failures 2 | . . . 2 Overload Shots . | . . . . Overflow Damage . | . . . . Projectiles . | . . . . Explosions . | . . . . Melee . | . . . . Knockbacks . | . . . . Impact . | . . . . Kinetic . | . . . . Secondary . | . . . . Self-Inflicted Damage 87 | 24 17 . 46 Shots 2 | 1 . . 1 Rammed 5 | . 3 . 2 Targets Rammed 5 | . 3 . 2 Kicked . | . . . . Crushed . | . . . . Highest Temperature 544 | 32 128 308 544 Average Temperature 96 | 17 34 95 183 Received Heat Transfer 492 | . 117 126 249 Effects 10 | . . . 10 Shutdowns 3 | . . . 3 Energy Bleed 1 | . . . 1 Interference 1 | . . . 1 Damage (minor) 1 | . . . 1 Damage (major) 4 | . . . 4 Siege Activations . | . . . . Martial Activations . | . . . . Shielding Activations . | . . . . Robots Disrupted . | . . . . Combat Hostiles . | . . . . Robots Corrupted . | . . . . Combat Hostiles . | . . . . Parts Fried . | . . . . Impact Corruptions . | . . . . Robots Melted . | . . . . Combat Hostiles . | . . . . Parts Melted 3 | . 1 1 1 Heat Transferred 1887 | 50 500 708 629 Parts Sabotaged . | . . . . Parts Stolen . | . . . . Parts Stripped . | . . . . Power Chain Reactions 1 | 1 . . . Alert | -11 -10 -9 -8 ------- Run | Yrd Mat Mat Mat Maximum Alert Level 1 | . . 1 . Low Security (%) 99 | 100 100 97 100 Level 1 . | . . 2 . Level 2 . | . . . . Level 3 . | . . . . Level 4 . | . . . . Level 5 . | . . . . High Security . | . . . . Max Security . | . . . . Peak Influence 206 | 5 70 206 95 Initial 52 | . . 11 52 Average 61 | . 23 138 25 Influence Increases 841 | 15 202 428 196 Destroy 0b10 Robot/C 460 | . 140 240 80 Destroy 0b10 Robot/NC 25 | 15 5 5 . Destroy Leader 122 | . 32 60 30 Successful Hack 37 | . 10 18 9 Disable Machine 15 | . 15 . . Destroy Structure 2 | . . . 2 Partial Spotted 45 | . . 30 15 Lose Combat Pursuer 135 | . . 75 60 Influence Decreases 834 | 15 174 331 314 Entered New Map 90 | . . 17 73 Time Decay 553 | 15 154 234 150 Lost Part 191 | . 20 80 91 Squads Dispatched 6 | . 2 1 3 Investigation 4 | . 2 . 2 Extermination . | . . . . Reinforcement 2 | . . 1 1 Assault . | . . . . Garrison . | . . . . Intercept . | . . . . Searches Triggered . | . . . . Construction Impeded 1 | . . . 1 Haulers Reinforced . | . . . . Active Scanning Responses . | . . . . Cargo Convoy Interrupts . | . . . . Stealth | -11 -10 -9 -8 --------- Run | Yrd Mat Mat Mat Distress Signals 3 | . . 3 . Communications Jammed . | . . . . Distress Signals . | . . . . Times Spotted 47 | . 9 22 16 Peak Tracking Total 9 | . 3 6 9 Tactical Retreats 6 | . . 4 2 Traps | -11 -10 -9 -8 ------- Run | Yrd Mat Mat Mat Traps Triggered 1 | . . 1 . Indirectly . | . . . . Trap Hack Attempts . | . . . . Triggered . | . . . . Disarmed . | . . . . Reprogrammed . | . . . . Reused . | . . . . Traps Extracted . | . . . . Installed . | . . . . Triggered . | . . . . Machines | -11 -10 -9 -8 ---------- Run | Yrd Mat Mat Mat Machines Disabled 1 | . 1 . . Max in Single Turn 1 | . 1 . . Machines Repaired . | . . . . Machines Dismantled . | . . . . Machines Sabotaged . | . . . . Overloaded Fab Kills . | . . . . Hacking | -11 -10 -9 -8 --------- Run | Yrd Mat Mat Mat Machines Accessed 10 | . 2 4 4 Terminals 8 | . 2 2 4 Fabricators . | . . . . Repair Stations . | . . . . Recycling Units 1 | . . 1 . Scanalyzers 1 | . . 1 . Garrison Access . | . . . . Total Hacks 33 | . 11 11 11 Successful 11 | . 2 8 1 Failed 21 | . 9 2 10 Catastrophic 3 | . 1 . 2 Database Lockouts 1 | . . 1 . Manual 10 | . 4 2 4 Terminals 28 | . 11 6 11 Fabricators . | . . . . Repair Stations . | . . . . Recycling Units 1 | . . 1 . Scanalyzers 4 | . . 4 . Garrison Access . | . . . . Terminal Hacks 5 | . 1 3 1 Prototype ID Bank 1 | . . 1 . Branch Access Points 1 | . 1 . . Scanalyzer Index 2 | . . 1 1 Zone Layout 1 | . . 1 . Fabricator Hacks . | . . . . Repair Station Hacks . | . . . . Recycling Unit Hacks 1 | . . 1 . Report Inventory 1 | . . 1 . Scanalyzer 3 | . . 3 . Insert Component 1 | . . 1 . Analyze 1 | . . 1 . Retrieve Study 1 | . . 1 . Garrison Access Hacks . | . . . . Unauthorized Hacks 2 | . 1 1 . Terminals 2 | . 1 1 . Track 2 | . 1 1 . Fabricators . | . . . . Repair Stations . | . . . . Recycling Units . | . . . . Scanalyzers . | . . . . Garrison Access . | . . . . Data Cores Recovered . | . . . . Used . | . . . . Hacking Detections 9 | . 2 4 3 Full Trace Events 5 | . 2 . 3 Feedback Events 1 | . . . 1 Corruption 1 | . . . 1 Feedback Blocked . | . . . . Robot Schematics Acquired . | . . . . Robots Built . | . . . . Authchips . | . . . . Time . | . . . . Total Robot Build Rating . | . . . . Part Schematics Acquired 1 | . . 1 . Parts Built . | . . . . Authchips . | . . . . Time . | . . . . Total Part Build Rating . | . . . . Part Studies Acquired 1 | . . 1 . Parts Repaired . | . . . . Time . | . . . . Parts Recycled . | . . . . Recycled Matter . | . . . . Retrieved Matter . | . . . . Retrieved Components . | . . . . Parts Scanalyzed 1 | . . 1 . Part Schematics Acquired 1 | . . 1 . Parts Damaged . | . . . . Bothacking | -11 -10 -9 -8 ------------ Run | Yrd Mat Mat Mat Used RIF Installer . | . . . . Robots Hacked . | . . . . Non-combat . | . . . . Combat . | . . . . Robot Hacks Applied . | . . . . Relay Couplers Released . | . . . . Fabnet Peak Effective % . | . . . . Robots Rewired . | . . . . Allies Hacked . | . . . . Hacks Repelled . | . . . . Allies | -11 -10 -9 -8 -------- Run | Yrd Mat Mat Mat Total Allies . | . . . . Largest Group . | . . . . Highest-Rated Group . | . . . . Highest-Rated Ally . | . . . . Total Orders . | . . . . Ally Attacks . | . . . . Total Damage . | . . . . Kills . | . . . . Allies Corrupted . | . . . . Allies Melted . | . . . . Intel | -11 -10 -9 -8 ------- Run | Yrd Mat Mat Mat Active Infowar (turns) 1113 | 40 430 506 137 Terrain 785 | 40 430 315 . Machine Analysis 346 | . . 209 137 Robot Analysis Total . | . . . . Derelict Logs Recovered . | . . . . Drone Launches . | . . . . Drone Recoveries . | . . . . Exploration | -11 -10 -9 -8 ------------- Run | Yrd Mat Mat Mat Turns Passed 1485 | 113 453 506 413 Spaces Moved 1052 | 82 317 455 198 Core 29 | 8 . 8 13 Treads . | . . . . Legs . | . . . . Wheels 103 | 74 29 . . Hover 920 | . 288 447 185 Flight . | . . . . Fastest Speed 50 | 50 56 52 116 Average Speed 86 | 96 85 67 129 Slowest Speed 400 | 100 180 200 400 Overloaded Moves . | . . . . Propulsion Burnouts . | . . . . Robots Hopped . | . . . . Potential Cave-ins 7 | . . . 7 Cave-ins Triggered 3 | . . . 3 Exploration Rate (%) 25 | 3 37 42 18 Regions Visited 3 Branch Regions . Pre-discovered Areas . | . . . . Known Exits Taken 1 | . . 1 . Unknown Exits Taken 2 | 1 1 . . Scrap Searched . | . . . . Spaces Dug 15 | . . . 15 Terrain Destroyed 16 | 1 . . 15 Melee 7 | . . . 7 Projectile . | . . . . AOE 9 | 1 . . 8 Terrain Rammed . | . . . . Walls Destroyed . | . . . . Machines Disabled . | . . . . Actions | -11 -10 -9 -8 --------- Run | Yrd Mat Mat Mat Total 1398 | 105 434 577 282 Wait 129 | 1 51 58 19 Move 1048 | 81 316 454 197 Hop . | . . . . Pick Up 24 | 8 9 3 4 Fast Attach 21 | 7 3 3 8 Attach 19 | . 2 8 9 Detach 7 | . 2 2 3 Swap 10 | 1 3 4 2 Drop 13 | 3 9 . 1 Fire 111 | 4 35 45 27 Melee 10 | . 1 . 9 Ram 5 | . 3 . 2 Kick . | . . . . Crush . | . . . . Escape Stasis 1 | . . . 1 Rewire . | . . . . Trap . | . . . . Miscellaneous . | . . . . Route ------- -11/Scrapyard -10/Materials (discovered 3 exits: *Mat / *Min x2) -9/Materials (discovered 2 exits: *Mat x2) -8/Materials History --------- Turn | Location | Event 13 | -11/Scrapyard | Discovered new exit (range 16) 114 | -11/Scrapyard | Entered Materials 302 | -10/Materials | Build established: Mutant 332 | -10/Materials | Identified exit to Mines 454 | -10/Materials | Discovered new exit (range 15) 476 | -10/Materials | Core integrity fell below 50% 567 | -10/Materials | Entered another Materials area 567 | -9/Materials | Evolved 2 slots: Propulsion x1, Utility x1 739 | -9/Materials | Discovered new exit (range 16) 746 | -9/Materials | Identified exit to Materials 836 | -9/Materials | Discovered exit to Materials (range 3) 856 | -9/Materials | Lost 3 parts (1p1n1w) 947 | -9/Materials | Core integrity fell below 50% 973 | -9/Materials | Central database locked down 983 | -9/Materials | Lost 4 parts (1p1n1u1w) 1073 | -9/Materials | Entered another Materials area 1073 | -8/Materials | Evolved 2 slots: Power x1, Utility x1 1197 | -8/Materials | Crushed by falling debris 1210 | -8/Materials | Crushed by falling debris 1210 | -8/Materials | System corruption reached 10% 1218 | -8/Materials | Crushed by falling debris 1218 | -8/Materials | Core integrity fell below 50% 1256 | -8/Materials | Core integrity fell below 20% 1259 | -8/Materials | Lost 8 parts (1p1n2u4w) 1486 | -8/Materials | Destroyed by G-47 Trooper with Particle Gun Last Messages --------------- Imp. Ion Engine destroyed. Imp. Hover Unit destroyed. Overheating: Adv. Weight Redist. System damaged (-9). Overheating: Beam Rifle damaged (-1). Overheating: Hardlight Generator damaged (-19). Slammed into S-10 Pest. Overheating: System interference. Beam Rifle temporarily disabled. Hardlight Generator destroyed. Lgt. Armor Plating destroyed. Overheating: Imp. Ion Engine damaged (-15). K-01 Serf collects debris. Beam Rifle destroyed. Power failure, Imp. Ion Engine shutdown. Imp. Hover Unit destroyed. K-01 Serf collects debris. ,ITVOL>9Y5UVNC